 Dungeon Crawl Stone Soup version 0.29.1-2-gbd0b4ee654 (webtiles) character file.

Game seed: 11756029780952941298

100 BlackCrag the Conjurer (level 4, -6/24 HPs)
             Began as a Deep Elf Conjurer on Oct 24, 2022.
             Mangled by Crazy Yiuf
             ... wielding a +2 quarterstaff of chaos
              (11 damage)
             ... on level 2 of the Dungeon.
             The game lasted 00:08:18 (1905 turns).

BlackCrag the Conjurer (Deep Elf Conjurer)          Turns: 1905, Time: 00:08:19

Health: -6/24      AC:  2    Str:  4    XL:     4   Next: 47%
Magic:  3/12       EV: 12    Int: 25    God:
Gold:   61         SH:  0    Dex: 13    Spells: 1/11 levels left

rFire   . . .      SeeInvis +   g - +3 dagger (elec)
rCold   . . .      Faith    .   (no shield)
rNeg    . . .      Spirit   .   a - +0 robe
rPois   .          Reflect  .   (no helmet)
rElec   .          Harm     .   (no cloak)
rCorr   .          Rampage  .   (no gloves)
Will    .....                   (no boots)
Stlth   ++........              (no amulet)
HPRegen 0.08/turn               d - ring of see invisible
MPRegen 0.13/turn               (no ring)

@: very slightly contaminated
A: no striking features
a: no special abilities


You were on level 2 of the Dungeon.
You visited 1 branch of the dungeon, and saw 2 of its levels.

You collected 61 gold pieces.

Inventory:

Hand Weapons
 g - a +3 dagger of electrocution (weapon)
Armour
 a - a +0 robe (worn)
Jewellery
 d - a ring of see invisible (left hand)
 l - an amulet of the acrobat
Scrolls
 f - a scroll of teleportation
 h - a scroll of blinking {unknown}
 k - a scroll of fear {unknown}
 m - 2 scrolls of immolation {unknown}
 n - a scroll of enchant armour {unknown}
Potions
 b - a potion of magic
 c - a potion of resistance
 e - 2 potions of brilliance
 j - a potion of flight {unknown}
 o - a potion of haste {unknown}


   Skills:
 + Level 2.7 Dodging
 + Level 3.2 Stealth
 + Level 4.4 Spellcasting
 + Level 5.4 Conjurations


You had one spell level left.
You knew the following spells:

 Your Spells              Type           Power      Damage    Failure   Level
a - Magic Dart            Conj           100%       1d8       1%          1
b - Searing Ray           Conj           64%        2d6       1%          2
c - Dazzling Flash        Conj/Hex       38%        N/A       9%          3
d - Fulminant Prism       Conj/Hex       9%         3d7       28%         4

Your spell library contained the following spells:

 Spells                   Type           Power      Damage    Failure   Level
 Iskenderun's Mystic Bla  Conj/Tloc      19%        2d6       28%         4


Dungeon Overview and Level Annotations

Branches:
Dungeon (2/15)

Altars:

Annotations:
D:2 Crazy Yiuf


Message History

You start memorising the spell.
You continue memorising. x4
You finish memorising.
Spell assigned to 'd'.
Casting: Searing Ray (safe; 1% risk of failure)
Confirm with . or Enter, or press ? or * to list all spells.
Okay, then.
You see here a +0 short sword.
You see here a +0 hammer.
You see here a +0 hammer.
You see here a +0 hammer.
Crazy Yiuf cries, "Goldfish!
Pitchfork meccalolo disdain."
You see here the +8 hammer "Izxodow" {venom, rF+ rC+ Str-3 Int-2 Dex+8}.
You open the door.
Casting: Searing Ray (safe; 1% risk of failure)
Confirm with . or Enter, or press ? or * to list all spells.
The spell is quite dangerous to miscast (9% risk of failure)!
Continue anyway?
Casting: Dazzling Flash (quite dangerous; 9% risk of failure)
Press: ? - help, Dir - look around, f - activate You miscast Dazzling Flash.
You are very lightly contaminated with residual magic.
Nothing appears to happen.
Crazy Yiuf hits you with a +2 quarterstaff of chaos!
Crazy Yiuf burns you.
Casting: Dazzling Flash (quite dangerous; 9% risk of failure)
Confirm with . or Enter, or press ? or * to list all spells.
Aiming: Searing Ray (safe; 1% risk of failure)
Press: ? - help, Shift-Dir - straight line, f - Crazy Yiuf
Aim: Crazy Yiuf, wielding a +2 quarterstaff of chaos and wearing a +0 cloak (83% to hit)
The searing ray hits Crazy Yiuf.
Crazy Yiuf is lightly wounded. (Press . to maintain the ray.) Crazy Yiuf hits you with a +2 quarterstaff of chaos!
* * * LOW HITPOINT WARNING * * *
You feel your power leaking away.
The searing ray hits Crazy Yiuf.
Crazy Yiuf is moderately wounded.
Crazy Yiuf barely misses you.
The searing ray hits Crazy Yiuf!
Crazy Yiuf is almost dead.
Crazy Yiuf hits you with a +2 quarterstaff of chaos!
You die...

...........####
## #.#.
.....>.........
#.#)
#######)##.###
#.#. ##.#
###.#.#. #..#
........ #.##
#.....#. #.#####
### #.....##
#.....## ###)))#
.....
#......####@g)).#
#....
##.....)#))##)))#
.... ##...)#)###
### #.## ########


You could see Crazy Yiuf.

Vanquished Creatures
  4 gnolls (D:2)
  2 adders (D:2)
  A worm (D:2)
  4 bats (D:1)
  3 endoplasms (D:1)
  3 giant cockroaches
  4 goblins
  2 hobgoblins (D:1)
  4 jackals
  A quokka (D:2)
  5 ball pythons (D:1)
  4 frilled lizards (D:1)
  A kobold (D:2)
  3 rats
41 creatures vanquished.

Notes
Turn   | Place    | Note
-------+----------+-------------------------------------------
     0 | D:1      | BlackCrag the Deep Elf Conjurer began the quest for the
                  | Orb.
     0 | D:1      | Reached XP level 1. HP: 10/10 MP: 6/6
   116 | D:1      | Reached XP level 2. HP: 15/15 MP: 1/8
   189 | D:1      | Learned a level 2 spell: Searing Ray
   198 | D:1      | Found a faded altar of an unknown god.
   361 | D:1      | Reached skill level 5 in Conjurations
   927 | D:1      | Reached XP level 3. HP: 19/19 MP: 4/9
  1200 | D:2      | Learned a level 3 spell: Dazzling Flash
  1514 | D:2      | Reached XP level 4. HP: 18/24 MP: 0/12
  1880 | D:2      | Found a runed translucent door.
  1881 | D:2      | Noticed Crazy Yiuf
  1883 | D:2      | Identified the +8 hammer "Izxodow" {venom, rF+ rC+ Str-3
                  | Int-2 Dex+8}
  1895 | D:2      | Learned a level 4 spell: Fulminant Prism
  1905 | D:2      | Mangled by Crazy Yiuf

Illustrated notes

Levels and vault maps discovered:
D:1:      matt_arrival_grand_opening, layout_basic, basic_ecumenical_altar,
          nrook_uturn, minivault_23, minmay_misc_feat_x
D:2:      layout_loops_ring, uniq_crazy_yiuf_cottage

Skill      XL: |  1  2  3 |
---------------+----------+-----
Conjurations   | 5 |  5.4
Stealth        | 3 |  3.2
Spellcasting   | 4 |  4.4
Dodging        | |  2.7

Action                   |  1- 3 |  4- 6 || total
-------------------------+-------+-------++-------
Melee: Dagger            |     2 |       ||     2
 Cast: Magic Dart        |    57 |     7 ||    64
       Searing Ray       |     5 |     3 ||     8
  Use: Scroll            |       |     3 ||     3
Dodge: Dodged            |     1 |     2 ||     3
